 Dungeon Crawl Stone Soup version 0.20-a0-382-g289d6af (webtiles) character file.

116 Da5id the Ruffian (level 4, -2/33 HPs)
             Began as a Demonspawn Gladiator on Dec 28, 2016.
             Killed by divine providence
             ... invoked by an orc priest
              (9 damage)
             ... on level 3 of the Dungeon.
             The game lasted 00:02:36 (3548 turns).

Da5id the Ruffian (Demonspawn Gladiator)            Turns: 3548, Time: 00:02:36

Health: -2/33      AC:  8    Str: 15    XL:     4   Next: 69%
Magic:  4/4        EV: 12    Int: 16    God:
Gold:   108        SH:  0    Dex: 13    Spells: 3/3 levels left

rFire  . . .     SeeInvis .       - Unarmed
rCold  . . .     Gourm    .     a - +0 leather armour
rNeg   . . .     Faith    .     (no shield)
rPois  .         Spirit   .     n - +1 helmet
rElec  .         Reflect  .     (no cloak)
rCorr  .         Harm     +     (no gloves)
MR     .....                    (no boots)
Stlth  +.........               j - amulet of harm
                                (no ring)
                                (no ring)

@: brilliant
A: slimy green scales 2, rot immunity
a: no special abilities


You were on level 3 of the Dungeon.
You were not hungry.

You visited 1 branch of the dungeon, and saw 3 of its levels.

You collected 108 gold pieces.

Inventory:

Missiles
 c - 3 throwing nets (quivered)
Armour
 a - a +0 leather armour (worn)
 n - a +1 helmet (worn)
Jewellery
 j - an amulet of harm (around neck)
Scrolls
 e - 4 scrolls of remove curse {unknown}
 f - a scroll of teleportation {unknown}
 h - a scroll of fear {unknown}
 l - 3 scrolls of identify {unknown}
 q - a scroll of enchant armour {unknown}
Potions
 k - a potion of curing
 p - a potion of degeneration {unknown}
Comestibles
 b - 2 chunks of flesh
 d - 5 bread rations
 i - a beef jerky


   Skills:
 - Level 2.0 Fighting
 - Level 1.7 Throwing
 - Level 2.6 Dodging
 + Level 5.0 Unarmed Combat


You had 3 spell levels left.
You didn't know any spells.

Dungeon Overview and Level Annotations

Branches:
Dungeon (3/15)

Altars:

Annotations:
D:2 1 runed door


Innate Abilities, Weirdness & Mutations

You are mostly covered in slimy green scales. (AC +3)
You are immune to rotting.


Message History

You bump into the rock wall.
You feel less invigorated.
You feel less confused. The orc hits you with a whip.
* * * LOW HITPOINT WARNING * * *
You hit the orc but do no damage. The orc barely misses you.
You hit the orc.
You kill the orc!
You hit the orc.
The orc is almost dead.
You barely miss the orc. You punch the orc.
You kill the orc!
Your Unarmed Combat skill increases to level 5!
You barely miss the orc. The orc closely misses you.
You hit the orc.
You kill the orc!
You hit the kobold.
You kill the kobold!
The orc priest calls down the wrath of Beogh upon you.
Beogh smites you!
You die...

#...<....# .. ..
#........## . .# ..
#..######.< .. .#..
#..#.<..#.# #. .#.
#..#......# . #.#..
#..######## ...#...
#..........
.......###########'########
+....o(@..............#
###############.......#
#.......# #########


You could see an orc priest.

Vanquished Creatures
  6 adders (D:2)
  3 dart slugs (D:1)
  4 leopard geckos
  3 orcs (D:3)
  4 bats
  3 giant cockroaches
  8 goblins
  6 hobgoblins
  2 frilled lizards (D:2)
  5 kobolds
  3 rats
  A fungus (D:1)
48 creatures vanquished.

Notes
Turn   | Place    | Note
-------+----------+-------------------------------------------
     0 | D:1      | Da5id the Demonspawn Gladiator began the quest for the Orb.
     0 | D:1      | Reached XP level 1. HP: 16/16 MP: 1/1
    66 | D:1      | Reached skill level 3 in Unarmed Combat
   798 | D:1      | Gained mutation: You are partially covered in slimy green scales. (AC +2) [demonic ancestry]
   798 | D:1      | Reached XP level 2. HP: 20/22 MP: 2/2
  1694 | D:2      | Gained mutation: You are mostly covered in slimy green scales. (AC +3) [demonic ancestry]
  1694 | D:2      | Reached XP level 3. HP: 20/27 MP: 3/3
  1713 | D:2      | Reached skill level 4 in Unarmed Combat
  2378 | D:2      | Gained mutation: You are immune to rotting. [demonic ancestry]
  2378 | D:2      | Reached XP level 4. HP: 30/33 MP: 4/4
  3155 | D:2      | Found a runed door.
  3539 | D:3      | HP: 1/33 [orc/whip (8)]
  3545 | D:3      | Reached skill level 5 in Unarmed Combat
  3548 | D:3      | Killed from afar by an orc priest

Vault maps used:
D:1:      ncdulo_wetmaze, minmay_parallelograms, minmay_gold_behind_fungi
D:2:      first_bread, minmay_liquid_box, uniq_crazy_yiuf_cottage
D:3:      marbit_many_paths, okawaru_metal_pillars_3, uniq_sigmund

Skill      XL: |  1  2  3  4 |
---------------+-------------+-----
Unarmed Combat | 3 4 5 |  5.0
Fighting       | |  2.0
Throwing       | |  1.7
Dodging        | |  2.6

Action                   |  1- 3 |  4- 6 || total
-------------------------+-------+-------++-------
Melee: Unarmed           |   165 |    70 ||   235
       Punch             |     3 |     2 ||     5
  Use: Potion            |     2 |     3 ||     5
  Eat: Chunk             |     3 |       ||     3
       Meat ration       |       |     1 ||     1
Armor: Leather armour    |    49 |    35 ||    84
Dodge: Dodged            |    93 |    52 ||   145
